 Dungeon Crawl Stone Soup version 0.25-a0-100-g33052ceff8 (webtiles) character file.

Game seed: 924684588857264636, levelgen mode: deterministic

395 vurker the Magician (level 6, -11/44 HPs)
             Began as a Mummy Fire Elementalist on Nov 14, 2019.
             Was an Initiate of Gozag.
             Mangled by Prince Ribbit (14 damage)
             ... on level 5 of the Dungeon.
             The game lasted 00:06:27 (5635 turns).

vurker the Magician (Mummy Fire Elementalist)       Turns: 5635, Time: 00:06:28

Health: -11/44     AC:  2    Str: 12    XL:     6   Next: 52%
Magic:  11/13      EV: 12    Int: 16    God:    Gozag
Gold:   312        SH:  0    Dex: 12    Spells: 14/15 levels left

rFire    x . .     SeeInvis .   k - +2 dagger (elec)
rCold    + . .     Gourm    .   (no shield)
rNeg     + + +     Faith    .   a - +0 robe
rPois    ∞         Spirit   .   (no helmet)
rElec    .         Reflect  .   (no cloak)
rCorr    .         Harm     .   (no gloves)
MR       .....                  (no boots)
Stlth    ++........             (no amulet)
HPRegen  0.14/turn              (no ring)
MPRegen  0.13/turn              (no ring)

@: very slightly contaminated
A: no food or potions, fire vulnerability, cold resistance 1, negative energy
resistance 3, torment resistance, unbreathing
a: Potion Petition, Call Merchant, Bribe Branch, Renounce Religion


You were on level 5 of the Dungeon.
You worshipped Gozag.
Gozag was aware of your devotion.
You were not hungry.

You visited 2 branches of the dungeon, and saw 6 of its levels.

You collected 379 gold pieces.
You paid 67 gold pieces to Gozag.

Inventory:

Hand Weapons
 k - a +2 dagger of electrocution (weapon)
   (You took it off an orc on level 3 of the Dungeon)
Armour
 a - a +0 robe (worn)
 l - a +1 hat
   (You found it on level 4 of the Dungeon)
Scrolls
 b - 2 scrolls of enchant armour {unknown}
 c - 2 scrolls of fear {unknown}
 d - a scroll of fog {unknown}
 e - a scroll of magic mapping {unknown}
 f - 2 scrolls of remove curse {unknown}
 g - a scroll of enchant weapon {unknown}
 h - 2 scrolls of teleportation {unknown}
 i - 4 scrolls of identify {unknown}
 j - a scroll of amnesia {unknown}
 m - a scroll of vulnerability {unknown}


   Skills:
 + Level 2.1 Fighting
 - Level 1.5 Dodging
 - Level 1.5 Stealth
 * Level 5.0 Spellcasting
 * Level 3.1 Conjurations
 * Level 3.8 Fire Magic


You had 14 spell levels left.
You knew the following spells:

 Your Spells              Type           Power        Failure   Level  Hunger
a - Flame Tongue          Conj/Fire      ###..        3%          1    N/A

Your spell library contained the following spells:

 Spells                   Type           Power        Failure   Level  Hunger
 Throw Flame              Conj/Fire      ###...       5%          2    N/A
 Conjure Flame            Conj/Fire      ###.....     11%         3    N/A
 Animate Skeleton         Necr           N/A          16%         1    N/A
 Apportation              Tloc           #.....       16%         1    N/A
 Confusing Touch          Hex            #.....       16%         1    N/A
 Summon Small Mammal      Summ           #...         16%         1    N/A
 Inner Flame              Hex/Fire       ##......     21%         3    N/A
 Sticky Flame             Conj/Fire      ###.....     36%         4    N/A
 Fireball                 Conj/Fire      ###.......   71%         5    N/A

Dungeon Overview and Level Annotations

Branches:
Dungeon (5/15)             Temple (1/1) D:4

Altars:
Ashenzari
Dithmenos
Elyvilon
Fedhas
Gozag
Hepliaklqana
Kikubaaqudgha
Makhleb
Nemelex Xobeh
Qazlal
Ru
Trog
Uskayaw
Wu Jian
Yredelemnul
Zin
The Shining One

Annotations:
D:5 Prince Ribbit


Innate Abilities, Weirdness & Mutations

You do not eat or drink.
Your flesh is vulnerable to fire.
You are immune to poison.
Your flesh is cold resistant. (rC+)
You are immune to negative energy. (rN+++)
You are immune to unholy pain and torment.
You can survive without breathing.


Message History

m - a scroll labeled JOHI HOUQIREIRR
b - 2 scrolls labeled GIMNUW XATON (gained 1)
A hound comes into view.
A hound is nearby!
The hound barks!
You can't see any susceptible monsters within range! (Use Z to cast anyway.)
You can't see any susceptible monsters within range! (Use Z to cast anyway.)
Aim: a hound The flame tongue misses the hound.
The hound barely misses you. The hound closely misses you.
Aim: a hound The flame tongue hits the hound!
The hound closely misses you.
Aim: a hound (heavily wounded)
The flame tongue hits the hound.
The hound barely misses you. The hound bites you.
Aim: a hound (almost dead)
The flame tongue hits the hound!
You kill the hound!
You can't see any susceptible monsters within range! (Use Z to cast anyway.)
You now have 312 gold pieces (gained 5).
Found a gold wand.
Found 6 boomerangs.
Prince Ribbit comes into view.
Prince Ribbit hops awkwardly around.
Prince Ribbit is too close now for your liking.
You hit Prince Ribbit.
Lightning courses through Prince Ribbit!
Prince Ribbit barely misses you.
You miss Prince Ribbit. Prince Ribbit hits you. Prince Ribbit misses you.
You barely miss Prince Ribbit. Prince Ribbit hits you.
Aim: Prince Ribbit (heavily wounded)
The flame tongue hits Prince Ribbit.
Prince Ribbit blinks!
You can't see any susceptible monsters within range! (Use Z to cast anyway.) Prince Ribbit blinks!
Aim: Prince Ribbit (heavily wounded)
You miscast Flame Tongue.
You are very lightly contaminated with residual magic.
Nothing appears to happen.
Prince Ribbit hits you. x2
You miss Prince Ribbit. Prince Ribbit hits you!
* * * LOW HITPOINT WARNING * * *
Okay, then.
You aren't carrying any items that you can evoke.
Unknown command.
Prince Ribbit hits you.
* * * LOW HITPOINT WARNING * * *
You closely miss Prince Ribbit. Prince Ribbit hits you!
You die...
Your body crumbles into a pile of gold.

..........#.....#........>
..........#######.######.#
..........................
..........######.###.....
..........# #.# #.....
..........# #.# #.(..#
..........# #.# #....#
..........# #.# #....#
..........# #@###....####
.....###### #F..........#
################.###....##.#
........................./..
###############.#.##....##.#
#.#.####### #.#.# #.#.#
#.#.#


You could see Prince Ribbit.

Vanquished Creatures
  A crimson imp (D:5)
  An orc priest (D:3)
  A hound (D:5)
  2 orc wizards
  2 iguanas
  A worker ant (D:4)
  4 adders
  An ooze (D:2)
  2 worms
  An adder skeleton (D:4)
  2 dart slugs
  2 leopard geckos (D:1)
  23 orcs
  3 bats
  4 giant cockroaches
  2 gnoll zombies (D:3)
  9 goblins
  3 hobgoblins
  9 jackals
  8 kobolds
  A quokka (D:4)
  A ball python (D:2)
  5 frilled lizards
  A quokka skeleton (D:5)
  3 rats
92 creatures vanquished.

Notes
Turn   | Place    | Note
-------+----------+-------------------------------------------
     0 | D:1      | vurker the Mummy Fire Elementalist began the quest for the
                  | Orb.
     0 | D:1      | Reached XP level 1. HP: 13/13 MP: 4/4
   177 | D:1      | Reached skill level 1 in Conjurations
   437 | D:1      | Reached skill level 3 in Spellcasting
   437 | D:1      | Reached XP level 2. HP: 19/19 MP: 0/6
  1222 | D:2      | Reached XP level 3. HP: 25/25 MP: 3/7
  1936 | D:3      | Reached skill level 1 in Fighting
  2227 | D:3      | Reached XP level 4. HP: 27/32 MP: 0/9
  2905 | D:3      | Found a basalt altar of Yredelemnul.
  3087 | D:3      | Reached skill level 4 in Spellcasting
  3087 | D:3      | Reached XP level 5. HP: 22/37 MP: 3/11
  3217 | D:3      | Found a stormy altar of Qazlal.
  3797 | D:4      | Found a staircase to the Ecumenical Temple.
  3807 | Temple   | Entered the Ecumenical Temple
  4007 | Temple   | Became a worshipper of Gozag Ym Sagoz the Greedy
  4140 | D:4      | Got a smelly chain mail
  4151 | D:4      | Identified the +4 chain mail of Ru's Benevolence {+Inv
                  | Dex+3} (You found it on level 4 of the Dungeon)
  4409 | D:4      | Got a dazzling hunting sling
  4410 | D:4      | Identified the +5 hunting sling of Wappuwidwi {velocity,
                  | Fragile +Inv Str+2 Dex+3} (You found it on level 4 of the
                  | Dungeon)
  4495 | D:4      | Reached XP level 6. HP: 31/44 MP: 3/13
  5425 | D:5      | Entered Level 5 of the Dungeon
  5505 | D:5      | Reached skill level 5 in Spellcasting
  5603 | D:5      | Noticed Prince Ribbit
  5634 | D:5      | HP: 2/44 [Prince Ribbit (6)]
  5635 | D:5      | Mangled by Prince Ribbit

Levels and vault maps discovered:
D:1:      dpeg_arrival_stone_temple_mockup, layout_loops_cross,
          hangedman_decor_points
D:2:      layout_rooms
D:3:      layout_loops_ring, lemuel_zombie_altar_yredelemnul,
          grunt_qazlal_sundering
D:4:      layout_basic, minmay_temple_entry_trees, minmay_starry_boxes
D:5:      layout_basic, serial_shops, shop, first_ration, uniq_prince_ribbit1
Temple:   eino_wide_crystal_templ

Skill      XL: |  1  2  3  4  5  6 |
---------------+-------------------+-----
Conjurations   | 1 2 3 |  3.1
Spellcasting   | 3 4 5 |  5.0
Fighting       | 1 2 |  2.1
Fire Magic     | 3 |  3.8
Dodging        | |  1.5
Stealth        | |  1.5

Action                   |  1- 3 |  4- 6 || total
-------------------------+-------+-------++-------
Melee: Short sword       |    15 |       ||    15
       Dagger            |       |    15 ||    15
 Cast: Flame Tongue      |    71 |   120 ||   191
Armor: Robe              |     4 |    11 ||    15
Dodge: Dodged            |    28 |    31 ||    59

Table legend:
 A = Non-vault XP
 B = Vault XP
 C = Vault XP percentage of total XP
 D = Non-vault monster count
 E = Vault monster count
 F = Vault count percentage of total count
                 A         B        C        D         E       F
            +---------+---------+-------+---------+---------+-------
      Total |     539 |      26 |   4.6 |      87 |       5 |   5.4
            +---------+---------+-------+---------+---------+-------
        D:1 |      19 |       0 |   0.0 |       9 |       0 |   0.0
        D:2 |      42 |       0 |   0.0 |      21 |       0 |   0.0
        D:3 |     175 |       4 |   2.2 |      34 |       2 |   5.6
        D:4 |     173 |      22 |  11.3 |      19 |       3 |  13.6
        D:5 |     130 |       0 |   0.0 |       4 |       0 |   0.0
            +---------+---------+-------+---------+---------+-------
